AoeStats
← Wolf Slayer

Arena

510165677Analyzed
4v4 RM · 4d ago on Sep 29, 2026· 41m 28s· 8 players
Game mode
Random Map
Map size
Large (8 player)
Population
200
Speed
Normal
Resources
Standard
Victory
Conquest
Starting age
Dark Age
Ending age
Imperial Age
RankedLock teamsTeams togetherTeam positionsShared explorationLock speedFull tech treeHidden civsTurbo modeCheats
Victory
Defeat
🇫🇷 Persians · France
1841
+7
🇫🇷 Slavs · France
1829
+8
🇫🇷 Saracens · France
1741
+11
🇫🇷 Jurchens · France
1710
+12
🇨🇳 Vikings · China
1696
-11
🇧🇴 Tatars · Bolivia
1689
-12
🇬🇧 Burgundians · United Kingdom
1570
-8
🇳🇱 Berbers · Netherlands
1540
-7
Envetel
7:02 Loom
10:09 Feudal Age
13:52 Castle Age
12:10 Double-Bit Axe
12:38 Horse Collar
15:02 Bow Saw
19:55 Fletching
20:21 Gold Mining
21:24 Bodkin Arrow
21:44 Loom
22:05 Town Watch
23:16 Padded Archer Armor
23:44 Ballistics
24:35 Heavy Plow
25:22 Devotion
28:55 Imperial Age
26:47 Squires
26:33 Arson
28:56 Scale Mail Armor
29:06 Forging
29:27 Forging
29:40 Bracer
29:31 Capped Ram
30:52 Crossbowman
31:51 Leather Archer Armor
32:25 Conscription
33:13 Chemistry
32:46 Elite Varangian Guard
33:02 Elite Skirmisher
33:32 Arbalester
34:51 Chain Mail Armor
37:28 Hoardings
38:06 Chieftains
Wolf Slayer
11:20 Feudal Age
11:16 Double-Bit Axe
11:14 Horse Collar
15:49 Castle Age
15:34 Bow Saw
15:51 Heavy Plow
17:00 Scale Barding Armor
23:56 Wheelbarrow
26:23 Hand Cart
30:36 Imperial Age
29:16 Pikeman
29:59 Scale Mail Armor
30:55 Forging
31:01 Chain Mail Armor
30:42 Halberdier
32:25 Chemistry
33:17 Iron Casting
34:21 Crop Rotation
34:55 Two-Man Saw
35:08 Plate Mail Armor
35:39 Blast Furnace
35:02 Ballistics
Night Prowler
8:48 Loom
11:08 Feudal Age
13:00 Fletching
14:03 Double-Bit Axe
17:33 Castle Age
16:12 Horse Collar
22:52 Redemption
24:39 Double-Bit Axe
31:25 Bow Saw
31:21 Heavy Plow
33:19 Gold Mining
36:49 Bodkin Arrow
36:55 Padded Archer Armor
37:44 Wheelbarrow
[ECU] Pendeck's
11:01 Feudal Age
10:04 Loom
17:34 Castle Age
23:10 Horse Collar
23:26 Town Watch
26:57 Wheelbarrow
29:53 Hand Cart
36:42 Imperial Age
36:49 Imperial Age
34:40 Fortified Wall
34:12 Pikeman
34:52 Squires
34:53 Scale Mail Armor
35:04 Forging
35:26 Gold Mining
37:15 Iron Casting
37:31 Halberdier
37:47 Capped Ram
39:05 Gold Shaft Mining
38:17 Double-Bit Axe
38:32 Heavy Plow
40:16 Iron Casting
AOKI_Nyusika
10:16 Feudal Age
13:59 Castle Age
12:00 Double-Bit Axe
12:33 Horse Collar
13:46 Light Cavalry
16:46 Bow Saw
18:50 Heavy Plow
20:04 Wheelbarrow
21:29 Stone Mining
25:43 Gold Mining
30:34 Imperial Age
28:11 Scale Barding Armor
28:16 Forging
28:18 Bloodlines
29:24 Chain Barding Armor
29:56 Stone Shaft Mining
29:57 Gold Shaft Mining
30:38 Iron Casting
30:12 Cavalier
31:31 Plate Barding Armor
32:39 Chemistry
32:46 Hand Cart
32:17 Loom
33:48 Blast Furnace
33:58 Husbandry
33:19 Hussar
34:12 Town Watch
34:48 Fletching
35:59 Two-Man Saw
35:20 Ballistics
35:11 Masonry
36:09 Thumb Ring
35:54 Savar
37:09 Bodkin Arrow
37:45 Architecture
37:25 Padded Archer Armor
39:57 Conscription
39:50 Citadels
AOKI_Yo
10:45 Feudal Age
14:31 Castle Age
12:25 Double-Bit Axe
12:23 Horse Collar
16:50 Bow Saw
23:21 Husbandry
26:46 Wheelbarrow
25:58 Loom
26:15 Stone Mining
26:55 Gold Mining
27:16 Scale Barding Armor
27:36 Heavy Plow
28:36 Forging
29:01 Hand Cart
29:30 Chain Barding Armor
32:17 Imperial Age
31:03 Iron Casting
31:25 Bloodlines
32:03 Stone Shaft Mining
32:06 Gold Shaft Mining
32:29 Town Watch
33:48 Plate Barding Armor
33:26 Elite Iron Pagoda
35:24 Blast Furnace
36:03 Hoardings
36:09 Fletching
36:42 Conscription
37:27 Bodkin Arrow
38:41 Devotion
40:44 Bracer
41:28 Treadmill Crane
AOKI_Thanouille
5:23 Loom
8:20 Feudal Age
8:54 Double-Bit Axe
8:49 Horse Collar
11:07 Fletching
12:15 Horse Collar
19:52 Castle Age
18:07 Gold Mining
19:14 Town Watch
20:50 Bow Saw
22:29 Heavy Plow
25:35 Wheelbarrow
25:42 Bodkin Arrow
27:54 Hand Cart
30:41 Gold Shaft Mining
32:57 Imperial Age
30:36 Scale Mail Armor
30:55 Forging
30:17 Man-at-Arms
30:57 Squires
31:39 Chain Mail Armor
31:05 Long Swordsman
33:19 Iron Casting
33:15 Two-Handed Swordsman
33:48 Capped Ram
36:28 Plate Mail Armor
37:32 Blast Furnace
36:44 Siege Ram
38:58 Crop Rotation
38:57 Champion
41:04 Two-Man Saw
AOKI_GworK
6:44 Loom
9:08 Feudal Age
10:06 Double-Bit Axe
13:09 Fletching
17:55 Wheelbarrow
22:03 Castle Age
20:31 Horse Collar
24:19 Bow Saw
28:54 Gold Mining
30:08 Heavy Plow
31:35 Hand Cart
31:28 Town Watch
32:19 Scale Barding Armor
32:25 Forging
32:54 Gold Shaft Mining
32:10 Stone Mining
32:25 Heavy Plow
33:59 Chain Barding Armor
35:19 Iron Casting
37:28 Imperial Age
35:51 Bloodlines
35:42 Husbandry
36:00 Bodkin Arrow
37:44 Masonry
37:55 Ballistics
38:53 Plate Barding Armor
39:19 Blast Furnace
38:08 Capped Ram
39:45 Bracer
39:25 Siege Ram
Connection lost

Rejoining the realm…

Still unreachable

The connection could not be restored.

Session expired

The server has moved on; the page needs a fresh start.